 Dungeon Sprint DCSS version 0.24.0-1-gfbc8707 (webtiles) character file.

Game seed: 13140802444744269544, levelgen mode: deterministic

937 Fang the Fighter (level 8, 0/57 HPs)
             Began as a Gargoyle Berserker on Nov 6, 2019.
             Was a High Priest of Trog.
             Killed from afar by Jeolomam the pandemonium lord (11 damage)
             ... with a living lightning
             ... in the Dungeon (Sprint V: "Ziggurat Sprint").
             The game lasted 00:01:04 (468 turns).

Fang the Fighter (Gargoyle Berserker)                Turns: 468, Time: 00:01:04

Health: 0/57       AC: 35    Str: 31    XL:     8   Next: 12%
Magic:  8/8        EV:  4    Int:  8    God:    Trog [*****.]
Gold:   0          SH: 26    Dex: 13    Spells: 7/7 levels left

rFire    . . .     SeeInvis .   a - +5 broad axe
rCold    . . .     Gourm    .   E - +18 shield of the Gong {rElec rN+ MR+ EV-5}
rNeg     + + .     Faith    .   b - +15 Maxwell's patent armour {-Cast -Tele rElec MR+ rCorr}
rPois    ∞         Spirit   .   (no helmet)
rElec    +         Reflect  .   (no cloak)
rCorr    +         Harm     .   (no gloves)
MR       ++...     NoTele   +   (no boots) Stlth ..........NoCast +
                                (no amulet)
HPRegen  0.19/turn              D - +6 ring of strength
MPRegen  0.11/turn              x - ring "Ricwurr" {Str+2 Dex+4}

@: liquid flames, berserk cooldown, slowed, glowing, very slow
A: negative energy resistance 1, electricity resistance, unbreathing,
petrification resistance, rot immunity, AC +5
a: Berserk, Trog's Hand, Brothers in Arms, Renounce Religion


You were in the Dungeon.
You worshipped Trog.
Trog was extremely pleased with you.
You were hungry.

You visited 1 branch

Inventory:

Hand Weapons
 a - a +5 broad axe (weapon)
Armour
 b - the +15 Maxwell's patent armour (worn) {-Cast -Tele rElec MR+ rCorr}
   (You found it in the Dungeon)

   It insulates you from electricity.
   It affects your resistance to hostile enchantments.
   It prevents spellcasting.
   It prevents most forms of teleportation.
   It provides partial protection from all sources of acid and corrosion.
 E - the +18 shield of the Gong (worn) {rElec rN+ MR+ EV-5}
   (You found it in the Dungeon)

   It affects your evasion (-5).
   It insulates you from electricity.
   It protects you from negative energy.
   It affects your resistance to hostile enchantments.
Jewellery
 x - the ring "Ricwurr" (right hand) {Str+2 Dex+4}
   (You found it in the Dungeon)

   [ring of strength]

   It affects your strength (+2).
   It affects your dexterity (+4).
 C - a +6 ring of strength
 D - a +6 ring of strength (left hand)
Wands
 u - a wand of disintegration (7)
 v - a wand of iceblast (7)
 w - a wand of acid (7)
Scrolls
 i - 4 scrolls of blinking
 j - 7 scrolls of fog
 k - a scroll of holy word
 l - 5 scrolls of identify
 m - 5 scrolls of remove curse
 n - 2 scrolls of fear
 o - a scroll of brand weapon
Potions
 d - 10 potions of curing
 e - 10 potions of heal wounds
 f - 6 potions of haste
 h - 3 potions of berserk rage
 p - 2 potions of invisibility
 q - 4 potions of resistance
 r - a potion of experience
 s - 6 potions of agility
 t - 5 potions of might
Comestibles
 c - 7 rations
 g - 12 chunks of flesh


   Skills:
 + Level 10.0 Fighting
 + Level 8.4 Axes
 + Level 9.7 Armour
 + Level 7.4 Dodging


You had 7 spell levels left.
You didn't know any spells.
Your spell library was empty.

Dungeon Overview and Level Annotations

Branches:
Dungeon (1/1)

Altars:
Ashenzari
Cheibriados
Dithmenos
Elyvilon
Fedhas
Gozag
Hepliaklqana
Kikubaaqudgha
Makhleb
Nemelex Xobeh
Okawaru
Qazlal
Ru
Sif Muna
Trog
Uskayaw
Vehumet
Wu Jian
Xom
Yredelemnul
Zin
The Shining One
Beogh
Jiyva
Lugonu

Annotations:
D 1 transporter


Innate Abilities, Weirdness & Mutations

You are resistant to torment.
Your stone body is resilient. (AC +5)
You are immune to poison.
You resist negative energy. (rN+)
You are resistant to electric shocks. (rElec)
You can survive without breathing.
You are immune to petrification.
You are immune to rotting.


Message History

You block the smoke demon's attack.
GONNNNG!
You block the smoke demon's attack.
BOUMMMMG!
You block the smoke demon's attack.
GONNNNG!
You completely miss Jeolomam.
Jeolomam is lightly wounded.
Your shield and Maxwell's patent armour prevent you from hitting the sun demon.
You completely miss the smoke demon. You hit the smoke demon.
You are covered in liquid flames!
* * * LOW HITPOINT WARNING * * *
You are no longer berserk.
You are exhausted.
You feel yourself slow down.
Jeolomam bursts into living lightning!
The living lightning hits you. You resist.
* * * LOW HITPOINT WARNING * * *
The living lightning hits you! You resist.
You die...

▓.▓....▓.▓.▓....▓.▓
▓...©....▓...©....▓
▓▓▓▓▓▓▓▓▓▓▓▓▓▓▓▓▓▓▓
▓..8©8..▓ ▓..[)|..▓
▓..:)=..▓ ▓.......▓
▓....&..▓ ▓..3@3..▓
▓...53..▓ ▓.▓..4▓.▓
▓...©...▓ ▓▓▓▓▓▓▓▓▓


You could see Jeolomam, a sun demon, 2 smoke demons, a red devil and a crimson
imp.

Vanquished Creatures
  A chaos spawn (D)
  3 nagas (D)
  A water moccasin (D)
  A black bear (D)
  A wolf (D)
  2 crimson imps (D)
  3 iron imps (D)
  2 adders (D)
  2 shadow imps (D)
  5 ball pythons (D)
21 creatures vanquished.

Vanquished Creatures (others)
  Grum (D)
1 creature vanquished.

Grand Total: 22 creatures vanquished

Notes
Turn   | Place    | Note
-------+----------+-------------------------------------------
     0 | D        | Fang the Gargoyle Berserker began the quest for the Orb.
     0 | D        | Reached XP level 1. HP: 14/14 MP: 1/1
     6 | D        | Found a blossoming altar of Fedhas.
     7 | D        | Found the +6 Majin-Bo {vamp, Archmagi MP+6 Int+6}
     7 | D        | Found the +7 great mace "Firestarter" {inner flame, rF++}
     7 | D        | Found a transporter.
     7 | D        | Found a viscous altar of Jiyva.
     7 | D        | Found an ancient bone altar of Kikubaaqudgha.
     7 | D        | Found a hazy altar of Hepliaklqana.
     7 | D        | Found a corrupted altar of Lugonu.
     7 | D        | Found an opulent altar of Gozag.
     7 | D        | Found a burning altar of Makhleb.
    12 | D        | Found an iron altar of Okawaru.
    12 | D        | Found a stormy altar of Qazlal.
    12 | D        | Found a sparkling altar of Nemelex Xobeh.
    12 | D        | Found a sacrificial altar of Ru.
    12 | D        | Found a shimmering blue altar of Sif Muna.
    18 | D        | Found the +9 heavy crossbow "Sniper" {velocity, Acc+∞ SInv}
    18 | D        | Found the +10 dark maul {crush}
    18 | D        | Found the +15 Maxwell's patent armour {-Cast -Tele rElec
                  | MR+ rCorr}
    18 | D        | Found the +18 shield of the Gong {rElec rN+ MR+ EV-5}
    18 | D        | Found the cursed +14 obsidian axe {chop, +Fly SInv *Curse}
    21 | D        | Killed Grum
    25 | D        | Found a bloodstained altar of Trog.
    85 | D        | Entered arena 2.
    85 | D        | Noticed a wolf
    85 | D        | Noticed a black bear
    85 | D        | Found a transporter.
    92 | D        | Killed a black bear
    92 | D        | Reached skill level 5 in Fighting
    92 | D        | Reached skill level 5 in Armour
    92 | D        | Reached XP level 2. HP: 10/22 MP: 2/2
    92 | D        | Reached XP level 3. HP: 13/27 MP: 3/3
    92 | D        | Reached XP level 4. HP: 15/32 MP: 4/4
    93 | D        | Killed a wolf
    93 | D        | Reached skill level 6 in Fighting
    93 | D        | Reached skill level 5 in Axes
    93 | D        | Reached XP level 5. HP: 18/37 MP: 5/5
   285 | D        | Entered arena 3.
   285 | D        | Noticed a naga
   285 | D        | Found a transporter.
   288 | D        | Reached ** piety under Trog
   296 | D        | Killed a naga
   296 | D        | Reached skill level 7 in Fighting
   296 | D        | Reached skill level 5 in Dodging
   296 | D        | Reached XP level 6. HP: 44/44 MP: 6/6
   306 | D        | Entered arena 4.
   306 | D        | Noticed a naga
   306 | D        | Noticed a water moccasin
   306 | D        | Noticed a naga
   306 | D        | Found a transporter.
   316 | D        | Killed a water moccasin
   316 | D        | Reached *** piety under Trog
   316 | D        | Reached skill level 8 in Fighting
   322 | D        | Killed a naga
   322 | D        | Reached XP level 7. HP: 37/50 MP: 7/7
   330 | D        | Killed a naga
   330 | D        | Reached skill level 9 in Fighting
   425 | D        | Entered arena 5.
   425 | D        | Found a transporter.
   427 | D        | Reached **** piety under Trog
   435 | D        | Got the ring "Ricwurr" {Str+2 Dex+4}
   440 | D        | Entered arena 6.
   440 | D        | Found a transporter.
   445 | D        | Reached ***** piety under Trog
   455 | D        | Entered arena 7.
   455 | D        | Noticed a chaos spawn
   455 | D        | Noticed a sun demon
   455 | D        | Noticed Jeolomam the pandemonium lord
   456 | D        | Found a transporter.
   458 | D        | Noticed a sun demon
   462 | D        | Noticed a hellwing
   462 | D        | Noticed a red devil
   462 | D        | Noticed a hellwing
   465 | D        | Noticed a smoke demon
   465 | D        | Noticed a smoke demon
   465 | D        | Killed a chaos spawn
   465 | D        | Reached skill level 10 in Fighting
   465 | D        | Reached XP level 8. HP: 42/57 MP: 8/8
   468 | D        | Killed from afar by Jeolomam the pandemonium lord

Levels and vault maps discovered:
D:        sprint_v [room_start, room_1, room_2, room_3, room_4, room_5, room_6,
          room_7, room_8, room_9, room_10, room_11, room_12, room_13, room_14,
          room_15, room_16, room_17, room_18, room_19, room_20, room_21,
          room_22, room_23, room_24, room_25, room_26, room_27]

Skill      XL: |  1  2  3  4  5  6  7 |
---------------+----------------------+-----
Fighting       | 5 6 7 8 10 | 10.0
Axes           | 4 5 6 7 8 |  8.4
Armour         | 5 6 7 8 9 |  9.7
Dodging        | 3 4 5 6 7 |  7.4

Action                   |  1- 3 |  4- 6 |  7- 9 || total
-------------------------+-------+-------+-------++-------
Melee: Broad axe         |     6 |    25 |    26 ||    57
Invok: Berserk           |     1 |       |     1 ||     2
Armor: Plate armour      |     9 |    18 |    13 ||    40
Dodge: Dodged            |       |     1 |     1 ||     2
Block: Shield            |    13 |    52 |    39 ||   104
